 Dungeon Crawl Stone Soup version 0.30-a0-509-gd016549fea (webtiles) character file.

Game seed: 9173479312468508636

64802 NinjaNoafa the Thaumaturge (level 15, -12/119 HPs)
             Began as a Gnoll Warper on Dec 22, 2022.
             Was the Champion of Cheibriados.
             Mangled by an ogre
             ... wielding a +0 giant spiked club
             ... led by an orc knight
              (18 damage)
             ... on level 2 of the Orcish Mines.
             The game lasted 01:23:52 (24523 turns).

NinjaNoafa the Thaumaturge (Gnoll Warper)          Turns: 24523, Time: 01:23:53

Health: -12/119    AC: 22    Str: 30    XL:     15   Next: 14%
Magic:  9/39       EV: 19    Int: 42    God:    Cheibriados [******]
Gold:   119        SH:  9    Dex: 35    Spells: 3/36 levels left

rFire   . . .      SeeInvis .    y - +6 double sword (protect)
rCold   + . .      Faith    +    v - +0 buckler
rNeg    . . .      Spirit   .    V - +0 plate armour of Thoughtfulness {rC+ MP+9 Str+2}
rPois   .          Reflect  .    o - +0 helmet
rElec   .          Harm     .    I - +2 cloak of Imperfection {MP-9 Int+4 Dex+8}
rCorr   .          Rampage  .    l - +0 pair of gloves
Will    +....                    n - +0 pair of boots
Stlth   +.........               U - amulet of faith
HPRegen 0.39/turn                D - ring of magical power
MPRegen 0.26/turn                r - +6 ring of intelligence

@: wereblooded, on berserk cooldown, slowed, studying Fighting, very slow
A: fangs 1, strong nose, distributed training
a: Renounce Religion, Bend Time, Temporal Distortion, Slouch, Step From Time


You were on level 2 of the Orcish Mines.
You worshipped Cheibriados.
Cheibriados was exalted by your worship.
You visited 4 branches of the dungeon, and saw 17 of its levels.

You collected 1764 gold pieces.
You spent 1645 gold pieces at shops.

Inventory:

Hand Weapons
 y - a +6 double sword of protection (weapon)
 G - the +8 spear of Fury {vamp, Str+3}
   (You found it on level 6 of the Dungeon)

   It occasionally heals its wielder for a portion of the damage dealt when it
   wounds a living foe.
   Str:       It affects your strength (+3).
Missiles
 b - 3 curare-tipped darts
 d - 9 boomerangs of dispersal
 h - 138 stones
 i - 32 poisoned darts (quivered)
 s - 2 silver javelins
 B - 13 boomerangs
 P - 2 throwing nets
Armour
 l - a +0 pair of gloves (worn)
 n - a +0 pair of boots (worn)
 o - a +0 helmet (worn)
 v - a +0 buckler (worn)
 I - the +2 cloak of Imperfection (worn) {MP-9 Int+4 Dex+8}
   (You acquired it on level 5 of the Lair of Beasts)

   Int:       It affects your intelligence (+4).
   Dex:       It affects your dexterity (+8).
   MP:        It affects your magic capacity (-9).
 V - the +0 plate armour of Thoughtfulness (worn) {rC+ MP+9 Str+2}
   (You found it on level 5 of the Lair of Beasts)

   Str:       It affects your strength (+2).
   rC:        It protects you from cold.
   MP:        It affects your magic capacity (+9).
Jewellery
 r - a +6 ring of intelligence (right hand)
 A - a ring of positive energy
 D - a ring of magical power (left hand)
 U - an amulet of faith (around neck)
 W - a ring of protection from fire
Wands
 E - a wand of paralysis (19)
 L - a wand of roots (11)
 M - a wand of flame (10)
 O - a wand of polymorph (12)
 T - a wand of mindburst (14)
Scrolls
 f - 5 scrolls of teleportation
 m - 3 scrolls of vulnerability
 p - 3 scrolls of identify
 t - a scroll of immolation
 x - 2 scrolls of magic mapping
 C - 4 scrolls of poison
 H - 2 scrolls of silence
 R - 2 scrolls of fog
Potions
 a - a potion of berserk rage
 g - 5 potions of resistance
 j - 2 potions of flight
 k - 7 potions of curing
 u - 6 potions of lignification
 w - a potion of invisibility
 z - 2 potions of attraction
 F - a potion of ambrosia
 J - 5 potions of brilliance
 N - a potion of cancellation
 Q - 4 potions of might
Miscellaneous
 e - a tin of tremorstones (2/2)


   Skills:
 + Level 11.2 Fighting
 + Level 10.2 Short Blades
 + Level 10.2 Long Blades
 + Level 10.2 Axes
 + Level 11.2 Maces & Flails
 + Level 10.2 Polearms
 + Level 10.2 Staves
 + Level 10.2 Ranged Weapons
 + Level 10.5 Throwing
 + Level 10.5 Armour
 + Level 11.2 Dodging
 + Level 10.2 Stealth
 + Level 10.2 Shields
 + Level 10.2 Unarmed Combat
 + Level 11.3 Spellcasting
 + Level 8.5 Conjurations
 + Level 8.5 Hexes
 + Level 8.5 Summonings
 + Level 8.5 Necromancy
 + Level 10.2 Translocations
 + Level 8.5 Transmutations
 + Level 8.5 Fire Magic
 + Level 8.5 Ice Magic
 + Level 8.5 Air Magic
 + Level 8.5 Earth Magic
 + Level 8.5 Poison Magic
 + Level 11.1 Invocations
 + Level 10.2 Evocations


You had 3 spell levels left.
You knew the following spells:

 Your Spells              Type           Power      Damage    Failure   Level
a - Cause Fear            Hex            38%        N/A       3%          4
b - Arcjolt               Conj/Air       38%        1d48      10%         5
c - Freezing Cloud        Conj/Ice/Air   38%        6-21      10%         5
d - Vhi's Electric Charg  Tloc/Air       100%       N/A       1%          3
e - Manifold Assault      Tloc           83%        N/A       1%          4
f - Kindle Blastsparks    Fire/Tloc/Air  100%       2d18      1%          3
g - Ignite Poison         Fire/Tmut/Pois 77%        N/A       1%          3
h - Wereblood             Tmut           77%        N/A       1%          2
i - Blink                 Tloc           100%       N/A       1%          2
j - Passwall              Tmut/Erth      64%        N/A       1%          2

Your spell library contained the following spells:

 Spells                   Type           Power      Damage    Failure   Level
 Beastly Appendage        Tmut           100%       N/A       1%          1
 Ensorcelled Hibernation  Hex/Ice        100%       N/A       1%          2
 Gell's Gravitas          Tloc           83%        N/A       1%          3
 Lesser Beckoning         Tloc           100%       N/A       1%          3
 Spider Form              Tmut/Pois      77%        N/A       1%          3
 Swiftness                Air            77%        N/A       1%          3
 Teleport Other           Tloc           83%        N/A       1%          3
 Dispersal                Tloc           41%        N/A       26%         6
 Dragon Form              Tmut           38%        N/A       96%         7
 Maxwell's Capacitive Co  Air            38%        ∞         100%        8
 Dragon's Call            Summ           38%        N/A       100%        9


Dungeon Overview and Level Annotations

Branches:
Dungeon (9/15)             Temple (1/1) D:5            Lair (5/5) D:9
  Swamp (0/4) Lair:3        Snake (0/4) Lair:3        Slime (0/5) Lair:4
    Orc (2/2) D:9             Elf (0/3) Orc:2

Altars:
Ashenzari
Cheibriados
Dithmenos
Elyvilon
Fedhas
Gozag
Hepliaklqana
Kikubaaqudgha
Makhleb
Nemelex Xobeh
Okawaru
Qazlal
Ru
Sif Muna
Trog
Uskayaw
Vehumet
Wu Jian
Xom
Yredelemnul
The Shining One
Jiyva

Shops:
D:2 *   D:3 !?!   D:6 *   Orc:2 =(::


Innate Abilities, Weirdness & Mutations

You have very sharp teeth.
Your uncanny sense of smell can sniff out nearby items.
Your experience applies equally to all skills.


Message History

You feel a strong urge to attack something.
The orc no longer looks unusually strong.
The orc knight roars a battlecry!
The orcs go into a battle-frenzy!
You block the orc warrior's attack. The orc warrior completely misses you.
Press: ? - help, v - describe, . - travel
Here: an orc warlord, wielding a +0 great sword and wearing a +0 chain mail (severely wounded, strong)
The floor.
The orc attacks as you move away! You block the orc's attack.
The orc warrior attacks as you move away!
The orc warrior hits you but does no damage.
You are no longer berserk.
You are exhausted.
You feel yourself slow down.
The orc warrior no longer looks unusually strong. x2
You block the orc warrior's attack.
An orc comes into view. It is wielding a +0 flail.
The orc warlord roars a battlecry!
The orc warriors go into a battle-frenzy!
The orc warrior completely misses you.
The orc warrior hits you but does no damage.
As you read the scroll of summoning, it crumbles to dust.
Wisps of shadow whirl around you... The ogre misses you.
You block the orc warrior's attack. x2
The orc warrior hits your ogre with a +2 vorpal halberd.
You swap places.
Your warg bites the ogre.
The ogre hits you with a +0 giant spiked club!
* * * LOW HITPOINT WARNING * * *
The orc warrior hits your ogre with a +2 vorpal halberd!!
Your ogre dies!
Your ogre's corpse dissolves into shadows!
The orc warrior hits your warg with a +0 short sword.
The orc warrior hits your ogre with a +0 short sword!!
The orc warlord hits your warg with a +0 great sword!!!
Your warg dies!
Your warg's corpse dissolves into shadows!
Your ogre barely misses the orc warrior.
The orc warrior completely misses your ogre.
The ogre hits you with a +0 giant spiked club!!
You die...

##...$..§......$.
###......§o§.......
##.##.$[.............
#.........oo.........
##.........o.........
#.......ooooo.......
##.......ooo........
#....#..OOo......... #
##....####@#.......#. ##
#......####[...#....# .#
#.......#.#.[[....... .##
#..........)......... ..#
##.##......).)#..###. .##
###...#.........# #.##
##...##.......## ...##
##...###...#.....#
..#.####...###...####.....


You could see an orc warlord (strong), an orc knight (strong), 6 orc warriors,
an ogre, an orc wizard (strong), 4 orcs and a friendly ogre (summoned).

Vanquished Creatures
  An ettin (Orc:1)
  A fire dragon (Lair:5)
  4 hydras
  4 ogre magi (Orc:2)
  A centaur warrior (D:9)
  A boulder beetle (Lair:5)
  18 two-headed ogres
  A death yak (D:9)
  A swamp dragon (Lair:5)
  The ghost of FakeRyeBread the Fighter, a novice MiBe of Trog (D:5)
  Pikel (D:5)
  A lindwurm (Lair:2)
  An orc knight (Orc:1)
  3 orc sorcerers
  Joseph (D:8)
  2 wolf spiders (Lair:5)
  15 elephants
  8 black mambas
  A guardian serpent (Lair:5)
  16 cane toads
  5 rime drakes
  9 komodo dragons
  A meliai (D:9)
  4 trolls
  2 hornets (Lair:5)
  A slime creature (D:9)
  14 blink frogs
  7 dream sheep (Lair:4)
  Sigmund (D:3)
  6 basilisks
  23 yaks
  14 wyverns
  4 fire bats (Lair:4)
  5 wargs
  3 nagas (Lair:3)
  3 acid dragons
  17 water moccasins
  2 ice beasts
  13 orc warriors
  3 swamp drakes (Lair:5)
  27 ogres
  25 wolves
  2 centaurs
  A phantom (D:5)
  Blork the orc (D:5)
  11 bullfrogs
  5 kobold brigands
  A necrophage (D:7)
  2 gnoll sergeants
  7 scorpions
  17 killer bees
  10 howler monkeys
  3 lava snakes (Lair:4)
  2 quasits (D:5)
  A gnoll bouda (D:9)
  18 orc priests
  A hound (D:5)
  Ijyb (D:5)
  4 iguanas
  11 orc wizards
  9 adders
  7 gnolls
  A white imp (D:6)
  2 worms
  3 dart slugs (D:3)
  67 orcs
  4 endoplasms
  2 giant cockroaches
  14 goblins
  9 hobgoblins
  25 kobolds
  6 quokkas
  2 ball pythons (D:1)
  3 bats
  6 frilled lizards
  4 rats
533 creatures vanquished.

Vanquished Creatures (others)
  A fire vortex (Lair:4)
  36 fungi
  90 plants
127 creatures vanquished.

Grand Total: 660 creatures vanquished

Notes
Turn   | Place    | Note
-------+----------+-------------------------------------------
     0 | D:1      | NinjaNoafa the Gnoll Warper began the quest for the Orb.
     0 | D:1      | Reached XP level 1. HP: 20/20 MP: 6/6
   182 | D:1      | Reached XP level 2. HP: 21/26 MP: 7/7
   900 | D:2      | Identified the +8 hand axe of Jynamnimm {freeze, *Slow rN+
                  | SInv}
  1045 | D:2      | Learned a level 2 spell: Blink
  1062 | D:2      | Reached skill level 5 in Spellcasting
  1062 | D:2      | Reached XP level 3. HP: 31/31 MP: 7/9
  1215 | D:2      | Found Ythras's Assorted Antiques.
  1627 | D:2      | Reached skill level 1 in Invocations
  1780 | D:2      | Reached skill level 1 in Short Blades
  1780 | D:2      | Reached skill level 1 in Long Blades
  1780 | D:2      | Reached skill level 1 in Axes
  1780 | D:2      | Reached skill level 1 in Polearms
  1780 | D:2      | Reached skill level 1 in Staves
  1780 | D:2      | Reached skill level 1 in Ranged Weapons
  1780 | D:2      | Reached skill level 1 in Stealth
  1780 | D:2      | Reached skill level 1 in Shields
  1780 | D:2      | Reached skill level 1 in Unarmed Combat
  1780 | D:2      | Reached skill level 1 in Evocations
  2081 | D:3      | Reached XP level 4. HP: 38/38 MP: 11/11
  2085 | D:3      | Learned a level 3 spell: Lesser Beckoning
  2089 | D:3      | Learned a level 3 spell: Teleport Other
  2143 | D:3      | Found a bloodstained altar of Trog.
  2174 | D:3      | Reached skill level 1 in Conjurations
  2174 | D:3      | Reached skill level 1 in Hexes
  2174 | D:3      | Reached skill level 1 in Summonings
  2174 | D:3      | Reached skill level 1 in Necromancy
  2174 | D:3      | Reached skill level 1 in Transmutations
  2174 | D:3      | Reached skill level 1 in Fire Magic
  2174 | D:3      | Reached skill level 1 in Ice Magic
  2174 | D:3      | Reached skill level 1 in Air Magic
  2174 | D:3      | Reached skill level 1 in Earth Magic
  2174 | D:3      | Reached skill level 1 in Poison Magic
  2426 | D:3      | Found Udafeuhul's Distillery.
  2434 | D:3      | Bought a potion of degeneration for 14 gold pieces
  2434 | D:3      | Bought a potion of curing for 42 gold pieces
  2551 | D:3      | Found Zywnocop's Magic Scroll Shop.
  2631 | D:3      | Noticed Sigmund
  2639 | D:3      | Killed Sigmund
  2640 | D:3      | Reached skill level 5 in Fighting
  2640 | D:3      | Reached skill level 5 in Maces & Flails
  2640 | D:3      | Reached skill level 5 in Dodging
  2640 | D:3      | Reached XP level 5. HP: 28/44 MP: 12/12
  2640 | D:3      | Reached XP level 6. HP: 33/51 MP: 14/14
  2801 | D:3      | Learned a level 3 spell: Vhi's Electric Charge
  2963 | D:3      | Found Derheata's Distillery.
  3653 | D:4      | Reached XP level 7. HP: 54/56 MP: 11/15
  4178 | D:5      | Entered Level 5 of the Dungeon
  4325 | D:5      | Noticed Ijyb
  4460 | D:5      | Noticed Blork the orc
  4467 | D:5      | Killed Blork the orc
  4895 | D:5      | Reached XP level 8. HP: 47/63 MP: 9/16
  4919 | D:5      | Learned a level 4 spell: Manifold Assault
  5048 | D:5      | Found a staircase to the Ecumenical Temple.
  5055 | Temple   | Entered the Ecumenical Temple
  5226 | Temple   | Became a worshipper of Cheibriados the Contemplative
  5322 | D:5      | Found a white marble altar of Elyvilon.
  5530 | D:5      | Killed Ijyb
  5559 | D:5      | Found a transporter.
  5563 | D:5      | Noticed FakeRyeBread's ghost (novice MiBe)
  5596 | D:5      | Found a transporter.
  5610 | D:5      | Found a burning altar of Makhleb.
  5713 | D:5      | Noticed Pikel
  5720 | D:5      | Paralysed by Pikel for 4 turns
  5726 | D:5      | Killed Pikel
  5995 | D:6      | Found a basalt altar of Yredelemnul.
  6165 | D:6      | Identified the +8 spear of Fury {vamp, Str+3}
  6380 | D:6      | Reached XP level 9. HP: 51/69 MP: 7/18
  6712 | D:6      | Found Vokh's Assorted Antiques.
  6749 | D:6      | Learned a level 3 spell: Kindle Blastsparks
  7349 | D:6      | Reached * piety under Cheibriados
  7353 | D:6      | Reached skill level 5 in Throwing
  7353 | D:6      | Reached skill level 5 in Armour
  7704 | D:7      | Reached skill level 5 in Invocations
  7781 | D:7      | Reached ** piety under Cheibriados
  7954 | D:7      | Learned a level 3 spell: Ignite Poison
  8702 | D:8      | Reached skill level 5 in Short Blades
  8702 | D:8      | Reached skill level 5 in Long Blades
  8702 | D:8      | Reached skill level 5 in Axes
  8702 | D:8      | Reached skill level 5 in Polearms
  8702 | D:8      | Reached skill level 5 in Staves
  8702 | D:8      | Reached skill level 5 in Ranged Weapons
  8702 | D:8      | Reached skill level 5 in Stealth
  8702 | D:8      | Reached skill level 5 in Shields
  8702 | D:8      | Reached skill level 5 in Unarmed Combat
  8702 | D:8      | Reached skill level 5 in Evocations
  8839 | D:8      | Reached XP level 10. HP: 59/77 MP: 11/20
  8936 | D:8      | Noticed Joseph
  8956 | D:8      | Killed Joseph
  9430 | D:8      | Reached *** piety under Cheibriados
  9841 | D:5      | Killed FakeRyeBread's ghost
 10196 | D:9      | Noticed a two-headed ogre
 10330 | D:9      | Killed a two-headed ogre
 10784 | D:9      | Reached **** piety under Cheibriados
 10826 | D:8      | Reached skill level 5 in Conjurations
 10826 | D:8      | Reached skill level 5 in Hexes
 10826 | D:8      | Reached skill level 5 in Summonings
 10826 | D:8      | Reached skill level 5 in Necromancy
 10826 | D:8      | Reached skill level 5 in Transmutations
 10826 | D:8      | Reached skill level 5 in Fire Magic
 10826 | D:8      | Reached skill level 5 in Ice Magic
 10826 | D:8      | Reached skill level 5 in Air Magic
 10826 | D:8      | Reached skill level 5 in Earth Magic
 10826 | D:8      | Reached skill level 5 in Poison Magic
 10984 | D:9      | Reached XP level 11. HP: 56/85 MP: 16/22
 11218 | D:9      | Found a staircase to the Orcish Mines.
 11759 | D:2      | Bought a runed double sword for 432 gold pieces
 12158 | D:9      | Noticed a centaur warrior
 12159 | D:9      | Killed a centaur warrior
 12299 | D:9      | Found a staircase to the Lair.
 12299 | D:9      | Noticed a death yak
 12311 | D:9      | Killed a death yak
 12485 | D:9      | Reached ***** piety under Cheibriados
 12816 | D:9      | Noticed a two-headed ogre
 12820 | D:9      | Killed a two-headed ogre
 13114 | Lair:1   | Entered Level 1 of the Lair of Beasts
 13551 | Lair:1   | Reached XP level 12. HP: 40/94 MP: 5/24
 13563 | Lair:1   | Learned a level 2 spell: Wereblood
 13802 | Lair:1   | Identified 2 scrolls of acquirement
 13802 | Lair:1   | Acquired a +0 cloak of poison resistance
 14062 | D:6      | Bought a scroll of identify for 48 gold pieces
 14062 | D:6      | Bought an amethyst potion for 21 gold pieces
 15286 | Lair:3   | Noticed an eight-headed hydra
 15287 | Lair:3   | Found a staircase to the Snake Pit.
 15446 | Lair:3   | Killed a nine-headed hydra
 15804 | Lair:3   | Found a staircase to the Swamp.
 15891 | Lair:3   | Reached ****** piety under Cheibriados
 16419 | Lair:4   | Noticed a six-headed hydra
 16421 | Lair:4   | Acquired a +6 ring of intelligence
 16445 | Lair:4   | Killed a seven-headed hydra
 16875 | Lair:4   | Found a staircase to the Slime Pits.
 16875 | Lair:4   | Found a viscous altar of Jiyva.
 17193 | Lair:4   | Learned a level 5 spell: Arcjolt
 17447 | Lair:4   | Reached XP level 13. HP: 101/101 MP: 20/26
 18156 | Lair:5   | Entered Level 5 of the Lair of Beasts
 18183 | Lair:5   | Identified the +0 plate armour of Thoughtfulness {rC+ MP+9
                  | Str+2}
 18346 | Lair:5   | Reached skill level 10 in Spellcasting
 18371 | Lair:5   | Learned a level 5 spell: Freezing Cloud
 19019 | Lair:5   | Reached skill level 10 in Fighting
 19019 | Lair:5   | Reached skill level 10 in Maces & Flails
 19019 | Lair:5   | Reached skill level 10 in Dodging
 19087 | Lair:5   | Learned a level 4 spell: Cause Fear
 19528 | Lair:5   | Reached XP level 14. HP: 97/110 MP: 24/28
 19574 | Lair:5   | Reached skill level 10 in Invocations
 19708 | Lair:5   | Learned a level 2 spell: Passwall
 20670 | D:2      | Bought a scroll of identify for 48 gold pieces
 22123 | Lair:5   | Acquired the +2 cloak of Imperfection {MP-9 Int+4 Dex+8}
 22643 | Orc:1    | Entered Level 1 of the Orcish Mines
 22737 | Orc:1    | Reached skill level 10 in Throwing
 22737 | Orc:1    | Reached skill level 10 in Armour
 23398 | Orc:2    | Entered Level 2 of the Orcish Mines
 23430 | Orc:2    | Found a staircase to the Elven Halls.
 23970 | Orc:2    | Reached skill level 10 in Translocations
 23970 | Orc:2    | Paralysed by an ogre mage for 5 turns
 23977 | Orc:2    | Reached skill level 10 in Short Blades
 23977 | Orc:2    | Reached skill level 10 in Long Blades
 23977 | Orc:2    | Reached skill level 10 in Axes
 23977 | Orc:2    | Reached skill level 10 in Polearms
 23977 | Orc:2    | Reached skill level 10 in Staves
 23977 | Orc:2    | Reached skill level 10 in Ranged Weapons
 23977 | Orc:2    | Reached skill level 10 in Stealth
 23977 | Orc:2    | Reached skill level 10 in Shields
 23977 | Orc:2    | Reached skill level 10 in Unarmed Combat
 23977 | Orc:2    | Reached skill level 10 in Evocations
 23979 | Orc:2    | Reached XP level 15. HP: 65/118 MP: 19/30
 23989 | Orc:2    | Found Baydug's Weapon Boutique.
 23989 | Orc:2    | Found Jefipn's Jewellery Shoppe.
 24188 | Orc:2    | Found Homefoud's Book Emporium.
 24188 | Orc:2    | Found Tenaicao's Book Boutique.
 24230 | Orc:2    | Bought a manual of Fighting for 1040 gold pieces
 24231 | Orc:2    | Upgraded the game from 0.30-a0-476-g330ca2eb8e to
                  | 0.30-a0-509-gd016549fea
 24505 | Orc:2    | Noticed an orc warlord
 24523 | Orc:2    | Mangled by an ogre

Illustrated notes

Levels and vault maps discovered:
D:1:      lemuel_arrival_tunnels, layout_loops_corners
D:2:      wad_crossroads, layout_basic, serial_shops, shop, serial_glass,
          glass_columns_a, glass_columns_b
D:3:      layout_basic, mainiacjoe_overflow_alcove_2, serial_shops, shop,
          nicolae_shop_advertising_works [nicolae_subvault_shop_adworks], shop,
          serial_bayou, serial_bayou_lake_a, serial_bayou_ford_a,
          serial_bayou_pond_b, serial_bayou_pond_a, grunt_ministairs_2,
          uniq_sigmund
D:4:      layout_loops_corners, minivault_23, mrwooster_statue_mirror
D:5:      layout_loops_ring, elyvilon_altar_5, kennysheep_mini_moat,
          minmay_temple_entry_junction, gammafunk_ghost_stat_death, uniq_ijyb,
          uniq_blork_the_orc, uniq_pikel
D:6:      layout_loops_ring, nicolae_overflow_hidden_temple,
          nicolae_inconvenience_store
D:7:      layout_cave_pools, serial_glass, glass_columns_c, glass_columns_b,
          chequers_serial_rivers_small_3
D:8:      layout_basic, grunt_ogre_cave, uniq_joseph
D:9:      layout_long_grid, david_lair_generic, erik_orc_4, special_room
          [special_room_orc], chequers_jeans, hangedman_minor_gate_pass
Temple:   bh_familiar_temple
Lair:1:   layout_regular_city
Lair:2:   layout_cave_shapes, chequers_serial_rivers_micro_e
Lair:3:   layout_gridlike, swamp_mist, minmay_snake_entry_guardpost_small
Lair:4:   layout_gridlike, slime_entry_1, grunt_megastairs_1
Lair:5:   guppyfry_lair_end_dragon, layout_regular_city,
          hangedman_lair_tendril_chambers
Orc:1:    layout_caves, hellmonk_bongcloud_opening
Orc:2:    st_orc_ogre_mass, layout_caves, minmay_orc_treasury

Skill      XL: |  1  2  3  4  5  6  7  8  9 10 11 12 13 14 15 |
---------------+----------------------------------------------+-----
Spellcasting   | 5 6 7 8 9 10 11 | 11.3
Invocations    | 1 2 3 4 5 6 7 8 9 10 11 | 11.1
Short Blades   | 1 2 3 4 5 6 7 8 9 10 | 10.2
Long Blades    | 1 2 3 4 5 6 7 8 9 10 | 10.2
Axes           | 1 2 3 4 5 6 7 8 9 10 | 10.2
Polearms       | 1 2 3 4 5 6 7 8 9 10 | 10.2
Staves         | 1 2 3 4 5 6 7 8 9 10 | 10.2
Ranged Weapons | 1 2 3 4 5 6 7 8 9 10 | 10.2
Stealth        | 1 2 3 4 5 6 7 8 9 10 | 10.2
Shields        | 1 2 3 4 5 6 7 8 9 10 | 10.2
Unarmed Combat | 1 2 3 4 5 6 7 8 9 10 | 10.2
Evocations     | 1 2 3 4 5 6 7 8 9 10 | 10.2
Conjurations   | 1 2 3 4 5 6 7 8 |  8.5
Hexes          | 1 2 3 4 5 6 7 8 |  8.5
Summonings     | 1 2 3 4 5 6 7 8 |  8.5
Necromancy     | 1 2 3 4 5 6 7 8 |  8.5
Transmutations | 1 2 3 4 5 6 7 8 |  8.5
Fire Magic     | 1 2 3 4 5 6 7 8 |  8.5
Ice Magic      | 1 2 3 4 5 6 7 8 |  8.5
Air Magic      | 1 2 3 4 5 6 7 8 |  8.5
Earth Magic    | 1 2 3 4 5 6 7 8 |  8.5
Poison Magic   | 1 2 3 4 5 6 7 8 |  8.5
Fighting       | 5 6 7 8 9 10 11 | 11.2
Maces & Flails | 5 6 7 8 9 10 11 | 11.2
Throwing       | 3 4 5 6 7 8 9 10 | 10.5
Armour         | 3 4 5 6 7 8 9 10 | 10.5
Dodging        | 5 6 7 8 9 10 11 | 11.2
Translocations | 6 7 8 9 10 | 10.2

Action                   |  1- 3 |  4- 6 |  7- 9 | 10-12 | 13-15 || total
-------------------------+-------+-------+-------+-------+-------++-------
Melee: Mace              |    48 |       |       |       |       ||    48
       Punch             |     1 |     1 |       |       |       ||     2
       Hand axe          |    34 |    48 |    85 |       |       ||   167
       Bite              |     3 |     5 |    21 |    35 |    31 ||    95
       Spear             |       |       |   125 |   142 |    43 ||   310
       Double sword      |       |       |       |   304 |   392 ||   696
Throw: Dart              |       |     4 |     1 |    57 |    29 ||    91
 Cast: Blink             |     1 |     3 |    17 |    13 |     7 ||    41
       Lesser Beckoning  |       |     7 |       |     1 |       ||     8
       Teleport Other    |       |     1 |     2 |     2 |       ||     5
       Vhi's Electric Ch |       |     6 |    49 |    42 |    26 ||   123
       Kindle Blastspark |       |       |    16 |    42 |     7 ||    65
       Manifold Assault  |       |       |    11 |    80 |   118 ||   209
       Ignite Poison     |       |       |     1 |    14 |    12 ||    27
       Wereblood         |       |       |       |     7 |    11 ||    18
       Arcjolt           |       |       |       |     2 |    37 ||    39
       Freezing Cloud    |       |       |       |       |    12 ||    12
       Cause Fear        |       |       |       |       |     2 ||     2
       Passwall          |       |       |       |       |     1 ||     1
Invok: Bend Time         |       |       |       |     2 |       ||     2
       Slouch            |       |       |       |     1 |     2 ||     3
Evoke: Wand              |       |       |       |     2 |       ||     2
  Use: Potion            |       |       |     5 |     4 |     7 ||    16
       Scroll            |       |       |     1 |    32 |    12 ||    45
 Stab: Sleeping          |     1 |     1 |     1 |       |     1 ||     4
       Invisible         |       |       |     3 |       |       ||     3
Armor: Leather armour    |     5 |       |     9 |    39 |       ||    53
       Robe              |     4 |    11 |    35 |       |       ||    50
       Acid dragon scale |       |       |       |   158 |   135 ||   293
       Skin              |       |       |       |     2 |       ||     2
       Plate armour      |       |       |       |       |    70 ||    70
Dodge: Dodged            |    52 |    32 |   222 |   518 |   525 ||  1349
Block: Buckler           |       |       |    92 |   258 |   258 ||   608

Table legend: (Time is in decaauts)
 A = Elapsed time spent in this place.
 B = Non-inter-level travel time spent in this place.
 C = Inter-level travel time spent in this place.
 D = Time resting spent in this place.
 E = Time spent auto-exploring this place.
 F = Levels seen in this place.
 G = Mean time per level.
                   A        B        C        D        E       F      G
               +--------+--------+--------+--------+--------+-----+--------+
         Total |  32490 |  27610 |   4880 |      0 |  23253 |  17 | 1911.2 |
       Dungeon |  17042 |  13395 |   3647 |      0 |  11130 |   9 | 1893.6 |
        Temple |    263 |    196 |     67 |      0 |    187 |   1 |  263.0 |
          Lair |  12729 |  11667 |   1062 |      0 |   9932 |   5 | 2545.8 |
  Orcish Mines |   2455 |   2352 |    103 |      0 |   2003 |   2 | 1227.5 |
               +--------+--------+--------+--------+--------+-----+--------+

Top non-repeatable levels by time:
  Lair:5: 4835 daAuts
     D:9: 3478 daAuts
     D:8: 2891 daAuts
  Lair:4: 2600 daAuts
     D:6: 2555 daAuts
  Lair:1: 2064 daAuts
  Lair:3: 2044 daAuts
     D:4: 1693 daAuts
     D:5: 1685 daAuts
   Orc:2: 1573 daAuts
     D:3: 1285 daAuts
     D:7: 1277 daAuts
     D:2: 1268 daAuts
  Lair:2: 1184 daAuts
     D:1: 906 daAuts
